 Dungeon Crawl Stone Soup version 0.26-a0-663-g36e8fdb655 (webtiles) character file.

Game seed: 9950059200953777281

145 Descartes the Sneak (level 5, -1/24 HPs)
             Began as a Spriggan Enchanter on Oct 12, 2020.
             Slain by Terence
             ... wielding a +0 trident of freezing
              (2 damage)
             ... on level 2 of the Dungeon.
             The game lasted 00:04:52 (3009 turns).

Descartes the Sneak (Spriggan Enchanter)            Turns: 3009, Time: 00:04:53

Health: -1/24      AC:  2    Str:  5    XL:     5   Next: 6%
Magic:  8/11       EV: 19    Int: 16    God:
Gold:   66         SH:  0    Dex: 17    Spells: 7/11 levels left

rFire    . . .     SeeInvis +   a - +1 dagger
rCold    . . .     Faith    .   (shield restricted)
rNeg     . . .     Spirit   .   b - +0 robe
rPois    .         Reflect  .   (helmet restricted)
rElec    .         Harm     .   (no cloak)
rCorr    .         Rampage  .   (gloves unavailable)
MR       .....                  (boots unavailable)
Stlth    +++.......             (no amulet)
HPRegen  0.08/turn              (no ring)
MPRegen  0.12/turn              (no ring)

@: very quick
A: very small, unfitting armour, see invisible, speed 3
a: no special abilities


You were on level 2 of the Dungeon.
You visited 1 branch of the dungeon, and saw 2 of its levels.

You collected 66 gold pieces.

Inventory:

Hand Weapons
 a - a +1 dagger (weapon)
Armour
 b - a +0 robe (worn)
Scrolls
 c - a scroll of enchant weapon {unknown}
 e - a scroll of identify
 f - a scroll of teleportation {unknown}
 g - a scroll of blinking {unknown}
 h - a scroll of random uselessness {unknown}
 i - a scroll of fear {unknown}
 j - a scroll of remove curse {unknown}
Potions
 d - a potion of cancellation


   Skills:
 + Level 2.5 Short Blades
 + Level 4.3 Dodging
 + Level 5.5 Stealth
 + Level 3.8 Spellcasting
 + Level 4.4 Hexes


You had 7 spell levels left.
You knew the following spells:

 Your Spells              Type           Power        Failure   Level
a - Corona                Hex            ###....      2%          1
b - Confusing Touch       Hex            ###.....     9%          3

Your spell library contained the following spells:

 Spells                   Type           Power        Failure   Level
 Tukima's Dance           Hex            ###.....     9%          3
 Ensorcelled Hibernation  Hex/Ice        ##....       11%         2
 Dazzling Flash           Conj/Hex       ##....       21%         3


Dungeon Overview and Level Annotations

Branches:
Dungeon (2/15)

Altars:
Gozag

Annotations:
D:2 Terence


Innate Abilities, Weirdness & Mutations

You are very small and have problems with some larger weapons.
You are too small for most types of armour.
You have supernaturally acute eyesight. (SInv)
You cover ground extremely quickly.


Message History

Terence freezes you.
* * * LOW HITPOINT WARNING * * *
You hit Terence.
Terence is lightly wounded.
You hit Terence.
Terence is lightly wounded.
Terence closely misses you.
You hit Terence.
Terence is moderately wounded.
You hit Terence.
Terence is moderately wounded.
Terence misses you.
You hit Terence but do no damage.
Terence is moderately wounded.
You hit Terence but do no damage.
Terence is moderately wounded.
Terence hits you with a +0 trident of freezing.
* * * LOW HITPOINT WARNING * * *
Terence freezes you.
You die...

#.......##.## #......#.# #.##
#.########.# ########.# #.# #.#
#.# #.# #.# ####.##### ##+## #.#
#.# .........###...## #.# #.##
#..#.###.##.....## ####.# #...
#....# #.#.......## ##....# ####
.....###.........@####...########
#........)......@.'..............
#....###..........####...########
#...(###.#.......## ##..# #
#........##.....## ##.# #
...#.#######...## #.# # #.##.#
##'## #.# # #.##(# #.# #.# #
.....# #.# #.# # #.#### ##)## #.#
#


You could see Terence (confused).

Vanquished Creatures
  An ogre (D:2)
  A gnoll (D:1)
  2 adders (D:2)
  2 dart slugs
  2 leopard geckos
  2 giant cockroaches
  3 goblins
  4 hobgoblins
  3 jackals (D:1)
  A ball python (D:1)
  4 bats
  A frilled lizard (D:1)
  2 kobolds (D:2)
  4 rats (D:1)
32 creatures vanquished.

Notes
Turn   | Place    | Note
-------+----------+-------------------------------------------
     0 | D:1      | Descartes the Spriggan Enchanter began the quest for the
                  | Orb.
     0 | D:1      | Reached XP level 1. HP: 9/9 MP: 5/5
   288 | D:1      | Reached XP level 2. HP: 6/13 MP: 6/6
  1297 | D:1      | Reached XP level 3. HP: 16/16 MP: 8/8
  2107 | D:2      | Reached skill level 5 in Stealth
  2363 | D:2      | Found an opulent altar of Gozag.
  2625 | D:2      | Learned a level 3 spell: Confusing Touch
  2853 | D:2      | Noticed Terence
  2853 | D:2      | Noticed an ogre
  2924 | D:2      | Killed an ogre
  2924 | D:2      | Reached XP level 4. HP: 21/21 MP: 5/10
  2924 | D:2      | Reached XP level 5. HP: 24/24 MP: 5/11
  3009 | D:2      | HP: 1/24 [Terence/+0 trident of freezing (5)]
  3009 | D:2      | Slain by Terence

Illustrated notes

Levels and vault maps discovered:
D:1:      elethiomel_arrival_maze, layout_basic, minivault_4,
          chequers_decorated_corner, minmay_misc_feat_plants
D:2:      layout_loops_corners, lemuel_crystal_altar, uniq_terence

Skill      XL: |  1  2  3 |
---------------+----------+-----
Spellcasting   | 3 |  3.8
Hexes          | 4 |  4.4
Stealth        | 5 |  5.5
Short Blades   | 2 |  2.5
Dodging        | 4 |  4.3

Action                   |  1- 3 |  4- 6 || total
-------------------------+-------+-------++-------
Melee: Dagger            |   241 |     8 ||   249
 Cast: Corona            |    10 |     1 ||    11
       Confusing Touch   |     1 |     1 ||     2
  Use: Scroll            |     1 |       ||     1
       Potion            |     1 |       ||     1
 Stab: Sleeping          |     8 |       ||     8
       Confused          |     2 |       ||     2
Armor: Robe              |    25 |       ||    25
Dodge: Dodged            |   238 |     3 ||   241

Table legend: (Time is in decaauts)
 A = Elapsed time spent in this place.
 B = Non-inter-level travel time spent in this place.
 C = Inter-level travel time spent in this place.
 D = Time resting spent in this place.
 E = Time spent auto-exploring this place.
 F = Levels seen in this place.
 G = Mean time per level.
                   A        B        C        D        E       F      G
               +--------+--------+--------+--------+--------+-----+--------+
         Total |   2482 |   2449 |     33 |    468 |   1474 |   2 | 1241.0 |
       Dungeon |   2482 |   2449 |     33 |    468 |   1474 |   2 | 1241.0 |
               +--------+--------+--------+--------+--------+-----+--------+

Top non-repeatable levels by time:
     D:1: 1542 daAuts
     D:2: 939 daAuts
